 Dungeon Crawl Stone Soup version 0.29-a0-284-gf9362112df (webtiles) character file.

Game seed: 2095409077483828083

1069 Tumalu the Quickloader (level 8, -9/74 HPs)
             Began as a Deep Dwarf Hunter on Mar 27, 2022.
             Was an Initiate of Makhleb.
             Mangled by a two-headed ogre
             ... wielding a +0 giant club
              (35 damage)
             ... on level 6 of the Dungeon.
             The game lasted 00:17:24 (4493 turns).

Tumalu the Quickloader (Deep Dwarf Hunter)          Turns: 4493, Time: 00:17:24

Health: -9/74      AC:  4    Str: 14    XL:     8   Next: 7%
Magic:  3/3        EV: 12    Int: 11    God:    Makhleb [......]
Gold:   290        SH:  0    Dex: 18    Spells: 7/7 levels left

rFire   . . .      SeeInvis .   a - +1 hand crossbow
rCold   . . .      Faith    .   (no shield)
rNeg    . . .      Spirit   .   b - +0 leather armour
rPois   .          Reflect  .   (no helmet)
rElec   .          Harm     .   i - +0 cloak
rCorr   .          Rampage  .   (no gloves)
Will    +....                   (no boots)
Stlth   ++........              (no amulet)
HPRegen 0.00/turn               (no ring)
MPRegen 0.08/turn               (no ring)

@: lethally poisoned (-9 -> -9), about to teleport
A: damage resistance, heal wounds, sense surroundings 1, no regeneration
a: Heal Wounds, Renounce Religion


You were on level 6 of the Dungeon.
You worshipped Makhleb.
Makhleb was noncommittal.
You visited 2 branches of the dungeon, and saw 7 of its levels.

You collected 290 gold pieces.

Inventory:

Hand Weapons
 a - a +1 hand crossbow (weapon)
 g - a +0 long sword of freezing
Missiles
 d - 10 poisoned darts
 u - a throwing net
Armour
 b - a +0 leather armour (worn)
 i - a +0 cloak (worn)
Jewellery
 k - a ring of wizardry
 l - a ring of poison resistance
Wands
 p - a wand of polymorph (4)
Scrolls
 c - a scroll of immolation
 f - 4 scrolls of identify
 j - 2 scrolls of teleportation
 m - a scroll of summoning {unknown}
 n - a scroll of silence {unknown}
 q - a scroll of enchant weapon {unknown}
 t - a scroll of brand weapon {unknown}
Potions
 e - a potion of might
 h - a potion of curing
 o - 2 potions of flight
 r - a potion of attraction {unknown}
 s - a potion of lignification {unknown}


   Skills:
 + Level 5.2 Fighting
 * Level 9.6 Crossbows
 - Level 2.1 Dodging
 - Level 1.2 Stealth


You had 7 spell levels left.
You didn't know any spells.
Your spell library contained the following spells:

 Spells                   Type           Power      Damage    Failure   Level
 Animate Skeleton         Necr           0%         N/A       41%         1
 Apportation              Tloc           0%         N/A       41%         1
 Summon Small Mammal      Summ           0%         N/A       41%         1
 Ensorcelled Hibernation  Hex/Ice        0%         N/A       56%         2
 Spider Form              Tmut/Pois      0%         N/A       80%         3
 Anguish                  Hex/Necr       0%         N/A       99%         4


Dungeon Overview and Level Annotations

Branches:
Dungeon (6/15)             Temple (1/1) D:5

Altars:
Ashenzari
Cheibriados
Dithmenos
Fedhas
Hepliaklqana
Makhleb
Okawaru
Qazlal
Ru
Sif Muna
Trog
Uskayaw
Vehumet
Wu Jian
Yredelemnul
Zin
The Shining One

Shops:
D:2 *   D:5 =


Innate Abilities, Weirdness & Mutations

You are resistant to damage.
You can heal yourself by infusing magical energy.
You passively map a small area around you.
You do not regenerate.


Message History

Press: ? - help, Shift-Dir - straight line, f/p - two-headed ogre
Aim: a two-headed ogre, wielding two +0 giant clubs (lightly wounded, will become a faun, a queen bee, or a merfolk, chance to affect: 31%)
The two-headed ogre easily resists.
You feel very sick. The two-headed ogre closely misses you.
The two-headed ogre hits you with a +0 giant club.
Aiming: Polymorph
Press: ? - help, Shift-Dir - straight line, f/p - two-headed ogre
Aim: a two-headed ogre, wielding two +0 giant clubs (lightly wounded, will become a faun, a queen bee, or a merfolk, chance to affect: 31%)
The two-headed ogre easily resists.
The kobold shouts! x2
You don't have any such object.
Evoke which item? (* to show all) (? for menu, Esc to quit)
You don't have any such object.
Evoke which item? (* to show all) (? for menu, Esc to quit)
Aiming: Polymorph
Press: ? - help, Shift-Dir - straight line, f/p - two-headed ogre
Aim: a two-headed ogre, wielding two +0 giant clubs (lightly wounded, will become a faun, a queen bee, or a merfolk, chance to affect: 31%)
The two-headed ogre easily resists.
The kobold shouts! x2
The two-headed ogre hits you with a +0 giant club!
The two-headed ogre hits you with a +0 giant club!!
* * * LOW HITPOINT WARNING * * *
You don't know any spells.
You feel much better.
The two-headed ogre hits you with a +0 giant club!!!
Ouch! That really hurt!
* * * LOW HITPOINT WARNING * * *
The two-headed ogre closely misses you.
Okay, then.
As you read the scroll labelled POAQES ZIAPSETS, it crumbles to dust.
You feel strangely unstable.
It was a scroll of teleportation.
The kobold brigand hits you with a +0 dagger.
* * * LOW HITPOINT WARNING * * *
You fail to use your ability.
The kobold brigand misses you. The two-headed ogre misses you. x2
You feel much better.
The kobold brigand hits you but does no damage.
The two-headed ogre hits you with a +0 giant club!!!
You die...

, , #.# * ....###....##..
#.# ............... #.#
,.............. * #.#### ,,
#....$....... #..... ,
,#..K....$.... * ######
#.K.......... +
#..KKKK...... ,,, + ,*,
#..@#### ##### , *
##..O...#### #.... , * +
#..........# #.### . , *
#..).......# #.# ...,,
##..)#############.# ,
.....##....#.#.#...#.#.#.#
,
,.............#...#...#...#
...........#...#.#.#...#.#
,,
.#.........#...#.#.#...#.#


You could see a two-headed ogre, a kobold brigand and 5 kobolds.

Vanquished Creatures
  2 water moccasins (D:5)
  A boggart (D:4)
  An ogre (D:5)
  A phantom (D:5)
  Blork the orc (D:4)
  A scorpion (D:5)
  Dowan (D:4)
  3 hounds
  2 orc priests
  Natasha (twice) (D:3)
  An orc wizard (D:5)
  8 gnolls
  7 adders
  A shadow imp (D:4)
  2 worms
  10 orcs
  8 ball pythons
  A bat (D:1)
  5 endoplasms
  4 goblins
  A hobgoblin (D:1)
  11 jackals
  3 quokkas
  4 kobolds
  4 rats
85 creatures vanquished.

Vanquished Creatures (others)
  2 plants
2 creatures vanquished.

Grand Total: 87 creatures vanquished

Notes
Turn   | Place    | Note
-------+----------+-------------------------------------------
     0 | D:1      | Tumalu the Deep Dwarf Hunter began the quest for the Orb.
     0 | D:1      | Reached XP level 1. HP: 19/19 MP: 1/1
   244 | D:1      | Reached XP level 2. HP: 26/26 MP: 2/2
   395 | D:1      | Reached skill level 5 in Crossbows
   674 | D:2      | Found Axkiameff's Assorted Antiques.
   708 | D:2      | Reached XP level 3. HP: 33/33 MP: 3/3
   952 | D:2      | Reached XP level 4. HP: 35/40 MP: 3/3
  1525 | D:3      | Reached skill level 6 in Crossbows
  1544 | D:3      | Noticed an eye of devastation
  1547 | D:3      | Found a faded altar of an unknown god.
  1550 | D:3      | Noticed a golden eye
  1556 | D:3      | Noticed a great orb of eyes
  1589 | D:3      | Noticed a shining eye
  1679 | D:3      | Reached XP level 5. HP: 32/49 MP: 4/4
  1839 | D:3      | Noticed Natasha
  1845 | D:3      | Killed Natasha
  1983 | D:3      | Noticed Natasha
  1988 | D:3      | Killed Natasha
  2500 | D:4      | Reached skill level 7 in Crossbows
  2520 | D:4      | Noticed Blork the orc
  2523 | D:4      | Reached XP level 6. HP: 26/56 MP: 5/5
  2530 | D:4      | Killed Blork the orc
  2577 | D:4      | Noticed Duvessa
  2578 | D:4      | Noticed Dowan
  2623 | D:4      | Killed Dowan
  2655 | D:4      | Noticed Duvessa
  2655 | D:4      | Duvessa changed into Duvessa the boggart
  2663 | D:4      | Killed Duvessa the boggart
  2955 | D:4      | Reached skill level 8 in Crossbows
  3236 | D:5      | Entered Level 5 of the Dungeon
  3252 | D:5      | Reached XP level 7. HP: 58/64 MP: 6/6
  3445 | D:5      | Found a stormy altar of Qazlal.
  3546 | D:5      | Reached skill level 9 in Crossbows
  3611 | D:5      | Found Inniuk's Jewellery Boutique.
  3820 | D:5      | Found a staircase to the Ecumenical Temple.
  3827 | D:5      | Reached skill level 5 in Fighting
  3834 | Temple   | Entered the Ecumenical Temple
  3915 | Temple   | Became a worshipper of Makhleb the Destroyer
  4266 | D:6      | Noticed a two-headed ogre
  4295 | D:5      | Reached XP level 8. HP: 57/74 MP: 7/7
  4491 | D:6      | HP: 3/74 [kobold brigand/+0 dagger (3)]
  4493 | D:6      | Mangled by a two-headed ogre

Illustrated notes

Levels and vault maps discovered:
D:1:      lemuel_arrival_river_bridge, layout_loops_ring, nicolae_grassy_gnolls
D:2:      layout_loops_cross, serial_shops, nicolae_shop_behind_doors,
          st_stairs_5, kennysheep_generic_room_11
D:3:      layout_basic, hellmonk_ecumenical_altar_watching_god, uniq_natasha
D:4:      layout_layer_cave, minmay_misc_feat_chi, uniq_blork_the_orc,
          uniq_duvessa
D:5:      nicolae_BIG_FREAKIN_CUBE, layout_cave_pods, mainiacjoe_overflow_paths,
          minmay_temple_entry_overgrown, serial_shops, shop,
          hangedman_abyss_or_decor_passed
D:6:      layout_basic, st_stairs_1, minmay_misc_feat_alley,
          serial_bayou_pond_a, hangedman_abyss_or_decor_stagger
Temple:   eino_temple_scatter_basement

Skill      XL: |  1  2  3  4  5  6  7 |
---------------+----------------------+-----
Fighting       | 2 3 4 5 |  5.2
Crossbows      | 5 6 7 8 9 |  9.6
Dodging        | |  2.1
Stealth        | |  1.2

Action                   |  1- 3 |  4- 6 |  7- 9 || total
-------------------------+-------+-------+-------++-------
 Fire: Hand crossbow     |    71 |   194 |   115 ||   380
 Abil: Heal Wounds       |     3 |    22 |    16 ||    41
Evoke: Wand              |       |     1 |     4 ||     5
  Use: Potion            |       |     3 |       ||     3
       Scroll            |       |     1 |     1 ||     2
Armor: Leather armour    |     2 |    22 |    12 ||    36
Dodge: Dodged            |    13 |    73 |    51 ||   137

Table legend: (Time is in decaauts)
 A = Elapsed time spent in this place.
 B = Non-inter-level travel time spent in this place.
 C = Inter-level travel time spent in this place.
 D = Time resting spent in this place.
 E = Time spent auto-exploring this place.
 F = Levels seen in this place.
 G = Mean time per level.
                   A        B        C        D        E       F      G
               +--------+--------+--------+--------+--------+-----+--------+
         Total |   4570 |   4174 |    396 |      0 |   3381 |   7 |  652.9 |
       Dungeon |   4362 |   3995 |    367 |      0 |   3246 |   6 |  727.0 |
        Temple |    207 |    178 |     29 |      0 |    135 |   1 |  207.0 |
               +--------+--------+--------+--------+--------+-----+--------+

Top non-repeatable levels by time:
     D:4: 1111 daAuts
     D:5: 923 daAuts
     D:3: 797 daAuts
     D:2: 723 daAuts
     D:1: 670 daAuts
  Temple: 207 daAuts
     D:6: 135 daAuts
